 Dungeon Crawl Stone Soup version 0.18.1-50-g88ac8fd (webtiles) character file.

1104 Peloso the Skirmisher (level 8, 0/68 HPs)
             Began as a Ghoul Fighter on Oct 22, 2016.
             Was a Follower of Okawaru.
             Killed from afar by an electric eel (9 damage)
             ... with a bolt of electricity
             ... on level 6 of the Dungeon.
             The game lasted 00:17:34 (4894 turns).

Peloso the Skirmisher (Ghoul Fighter)               Turns: 4894, Time: 00:17:37

Health: 0/68       AC: 15    Str: 20    XL:     8   Next: 32%
Magic:  7/7        EV:  9    Int:  3    God:    Okawaru [*.....]
Gold:   241        SH:  9    Dex: 10    Spells: 0 memorised, 7 levels left

rFire  . . .     SeeInvis .     A - +1 scimitar "Denkue" {flame, MR+}
rCold  + . .     Gourm    .     b - +0 scale mail
rNeg   + + +     Faith    .     c - +0 shield
rPois  ∞         Spirit   .     C - +2 hat
rElec  .         Dismiss  .     g - +1 cloak {rPois}
rCorr  .         Reflect  .     i - +1 pair of gloves (curse)
SustAt .         Harm     .     (no boots)
MR     +....                    (no amulet)
Stlth  ..........               y - +2 ring of slaying
                                w - +2 ring of protection

@: rotting, somewhat resistant to hostile enchantments, extremely unstealthy
A: rotting body, claws 1, carnivore 3, cold resistance 1, negative energy
resistance 3, slow regeneration 1, torment resistance, unbreathing
a: Heroism, Renounce Religion


You were on level 6 of the Dungeon.
You worshipped Okawaru.
Okawaru was aware of your devotion.
You were not hungry.

You visited 2 branches of the dungeon, and saw 7 of its levels.

You collected 241 gold pieces.

Inventory:

Hand Weapons
 a - a +0 long sword
 u - a cursed -1 mace
 A - the +1 scimitar "Denkue" (weapon) {flame, MR+}
   (You found it on level 6 of the Dungeon)

   It has been specially enchanted to burn those struck by it, causing extra
   injury to most foes and up to half again as much damage against particularly
   susceptible opponents.
   Big, fiery blades are also staple armaments of hydra-hunters.
   It affects your resistance to hostile enchantments.
Armour
 b - a +0 scale mail (worn)
 c - a +0 shield (worn)
 g - a +1 cloak of poison resistance (worn)
 i - a cursed +1 pair of gloves (worn)
 C - a +2 hat (worn)
Jewellery
 t - an uncursed ring of poison resistance
 w - a +2 ring of protection (left hand)
 y - a +2 ring of slaying (right hand)
 B - an uncursed ring of sustain attributes {unknown}
Wands
 v - a wand of acid (10/15)
Scrolls
 h - a scroll of blinking {unknown}
 l - 2 scrolls of identify
 m - 3 scrolls of amnesia
 o - a scroll of enchant armour
 q - 2 scrolls of fear {unknown}
Potions
 d - a potion of might
 e - 2 potions of heal wounds
 k - 2 potions of agility
 n - 2 potions of haste {unknown}
 p - a potion of flight {unknown}
 r - a potion of cancellation {unknown}
 s - 3 potions of brilliance {unknown}
Books
 z - Sif Muna's Tome of Protection
   (You found it on level 5 of the Dungeon)

   Spells                             Type                      Level
   a - Infusion                       Charms                       1
Comestibles
 f - 3 meat rations
 j - a royal jelly
 x - 2 beef jerkies


   Skills:
 + Level 5.2 Fighting
 + Level 4.3 Long Blades
 + Level 4.7 Armour
 + Level 3.3 Dodging
 + Level 0.5 Stealth
 + Level 5.0 Shields


You had 7 spell levels left.
You didn't know any spells.

Dungeon Overview and Level Annotations

Branches:
Dungeon (6/15)             Temple (1/1) D:5

Altars:
Ashenzari
Cheibriados
Elyvilon
Gozag
Kikubaaqudgha
Makhleb
Nemelex Xobeh
Okawaru
Pakellas
Qazlal
Sif Muna
Vehumet
Xom
Zin
The Shining One

Shops:
D:5 %

Annotations:
D:3 Dioneo's ghost, amateur TrAK
D:4 Dioneo's ghost, novice DsAK


Innate Abilities, Weirdness & Mutations

Your body is rotting away.
You thrive on raw meat.
You are immune to poison.
You have sharp fingernails.
You are carnivorous and can eat meat at any time.
Your flesh is cold resistant.
You are immune to negative energy.
You regenerate slowly when monsters are visible.
You are immune to unholy pain and torment.
You can survive without breathing.


Message History

You hit the gnoll but do no damage.
The gnoll is heavily wounded.
The gnoll hits you with a halberd.
The electric eel shoots out a bolt of lightning at you!
The bolt of electricity hits the gnoll.
The gnoll dies!
The bolt of electricity hits you!
The electric eel shoots out a bolt of lightning at you!
The bolt of electricity hits you!
* * * LOW HITPOINT WARNING * * *
Things that are here:
a halberd; a gnoll corpse You hit the electric eel.
You burn the electric eel.
The electric eel is lightly wounded.
The electric eel shoots out a bolt of lightning at you!
The bolt of electricity hits you!
* * * LOW HITPOINT WARNING * * *
The electric eel shoots out a bolt of lightning at you!
The bolt of electricity hits you!
You die...

#.......#.....#.###.###.#
#..############.'.._..')#
#...............#######.##
##.#####....##..# ### #..#
.......#....##..#######..#
##.≈##)#....##...........#
##≈≈≈P.#.#.....#..#####..#
##P♣≈P.#.#######.## #.##
.#≈≈♣..#.#...##.@# #.#
.#...#.#.#.#...;♣♣ #.#
...###.#.#.#<.♣≈♣♣♣# #.#
...# .#...#≈≈≈P≈P≈♣ ##.#
...# .####♣♣≈PP≈≈♣≈♣♣..#
...# .# ♣≈≈≈≈≈PP ♣### ...#
.. PPP≈≈≈≈≈≈♣ ...# ##
#≈♣≈≈P≈PP≈≈≈♣ .#>..
.≈P≈≈♣P≈≈≈♣≈P♣


You could see an electric eel.

Vanquished Creatures
  A wyvern (D:6)
  3 ice beasts (D:5)
  A centaur (D:5)
  A giant frog (D:6)
  3 crimson imps
  A jelly (D:6)
  A giant frog skeleton (D:5)
  2 orc wizards (D:6)
  An orc priest (D:3)
  Natasha (thrice) (D:2)
  A worker ant (D:5)
  A howler monkey zombie (D:6)
  4 gnolls (D:2)
  5 adders
  2 shadow imps (D:5)
  2 oozes
  2 worms (D:2)
  2 giant geckos
  5 orcs
  5 giant cockroaches
  12 hobgoblins
  6 kobolds
  2 quokkas
  2 ball pythons
  5 bats
  3 giant newts
  7 goblins
  10 rats
93 creatures vanquished.

Vanquished Creatures (others)
  A gnoll (D:6)
1 creature vanquished.

Grand Total: 94 creatures vanquished

Notes
Turn   | Place    | Note
--------------------------------------------------------------
     0 | D:1      | Peloso the Ghoul Fighter began the quest for the Orb.
     0 | D:1      | Reached XP level 1. HP: 19/19 MP: 0/0
   353 | D:1      | Reached XP level 2. HP: 25/25 MP: 1/1
   949 | D:2      | Reached XP level 3. HP: 28/31 MP: 2/2
  1075 | D:2      | Noticed Natasha
  1095 | D:2      | Killed Natasha
  1095 | D:2      | Reached skill level 1 in Dodging
  1180 | D:2      | Reached XP level 4. HP: 17/40 MP: 3/3
  1324 | D:2      | Noticed Natasha
  1336 | D:2      | Killed Natasha
  1426 | D:2      | Noticed Natasha
  1434 | D:2      | Killed Natasha
  1434 | D:2      | Reached XP level 5. HP: 21/46 MP: 4/4
  2006 | D:3      | Noticed Dioneo's ghost (amateur TrAK)
  2323 | D:3      | Found an oddly glowing altar of Pakellas.
  2486 | D:3      | Reached XP level 6. HP: 52/52 MP: 5/5
  2736 | D:3      | Found a sparkling altar of Nemelex Xobeh.
  3133 | D:4      | Noticed Dioneo's ghost (novice DsAK)
  3167 | D:5      | Entered Level 5 of the Dungeon
  3432 | D:5      | Found Justuxec's Food Shop.
  3609 | D:5      | Found a glowing silver altar of Zin.
  3959 | D:5      | Found a staircase to the Ecumenical Temple.
  3959 | D:5      | Noticed an ice beast
  3974 | D:5      | Killed an ice beast
  3974 | D:5      | Reached XP level 7. HP: 52/60 MP: 6/6
  4009 | Temple   | Entered the Ecumenical Temple
  4058 | Temple   | Became a worshipper of Warmaster Okawaru
  4301 | D:5      | Found a glowing golden altar of the Shining One.
  4447 | D:5      | Found a radiant altar of Vehumet.
  4447 | D:5      | Found an ancient bone altar of Kikubaaqudgha.
  4448 | D:5      | Found a deep blue altar of Sif Muna.
  4455 | D:5      | Identified Sif Muna's Tome of Protection
  4505 | D:6      | Found a shattered altar of Ashenzari.
  4527 | D:6      | Got a transparent scimitar
  4554 | D:6      | Identified the +1 scimitar "Denkue" {flame, MR+} (You found it on level 6 of the Dungeon)
  4582 | D:6      | Noticed a wyvern
  4587 | D:6      | Killed a wyvern
  4587 | D:6      | Reached skill level 5 in Shields
  4587 | D:6      | Reached XP level 8. HP: 56/65 MP: 7/7
  4668 | D:6      | Reached skill level 5 in Fighting
  4673 | D:6      | Reached * piety under Okawaru
  4894 | D:6      | Killed from afar by an electric eel

Skill      XL: |  1  2  3  4  5  6  7  8 |
---------------+-------------------------+-----
Armour         | 3 4 |  4.7
Shields        | 3 4 5 |  5.0
Long Blades    | 2 3 4 |  4.3
Dodging        | 1 2 3 |  3.3
Fighting       | 4 5 |  5.2
Stealth        | |  0.5

Action                   |  1- 3 |  4- 6 |  7- 9 || total
-------------------------+-------+-------+-------++-------
Melee: Long sword        |   126 |   217 |    84 ||   427
       Scimitar          |       |       |    53 ||    53
  Use: Scroll            |       |     7 |       ||     7
  Eat: Chunk             |     2 |    12 |     2 ||    16
Armor: Scale mail        |    75 |   104 |    73 ||   252
Dodge: Dodged            |    53 |    60 |    58 ||   171
Block: Shield            |    75 |   115 |    74 ||   264
